[Event "Titled Tuesday Blitz August 22 Late 2023"]
[White "Saif, Malek"]
[Black "tomobeast"]
[WhiteFideId "8104220"]
[WhiteElo "2618"]
[BlackElo "2222"]
[Result "1-0"]
[Round "4"]
[TimeControl "180+1"]
[Date "2023.08.22"]
[WhiteClock "0:01:55"]
[BlackClock "0:00:57"]
[Board "98"]

1. e4 c5 2. Nf3 Nf6 3. Nc3 d6 4. d4 cxd4 5. Nxd4 g6 6. Bc4 Bg7 7. Be3 Nc6 8. Nde2 O-O 9. f3 Bd7 10. Qd2 Rc8 11. Bh6 Ne5 12. Bb3 Nc4 13. Bxc4 Rxc4 14. h4 Qb6 15. Rb1 Rfc8 16. Bxg7 Kxg7 17. h5 Nxh5 18. g4 Nf6 19. Qh6+ Kg8 20. Nd5 Qa5+ 21. Nec3 Nh5 22. gxh5 Rxc3 23. bxc3 Rxc3 24. Nxe7+ Kh8 25. Qf8# 1-0


[Site "https://www.chess.com"]

[Event "Titled Tuesday Blitz August 22 Late 2023"]
[White "Zarubitski, Viachaslau"]
[Black "Osmonbekov, Talaibek"]
[WhiteFideId "13509373"]
[BlackFideId "2017253"]
[WhiteElo "2617"]
[BlackElo "2206"]
[Result "1-0"]
[Round "4"]
[TimeControl "180+1"]
[Date "2023.08.22"]
[WhiteClock "0:00:13"]
[BlackClock "0:00:00"]
[Board "99"]

1. e4 c5 2. Nf3 d6 3. c3 Nf6 4. h3 Nc6 5. Bd3 e6 6. Bc2 Be7 7. d4 cxd4 8. cxd4 O-O 9. Nc3 Bd7 10. O-O Rc8 11. Bf4 Be8 12. Rc1 a6 13. Bb1 b5 14. a3 Na5 15. Qe2 Nc4 16. Rfd1 a5 17. e5 Nd5 18. Nxd5 exd5 19. e6 fxe6 20. Qxe6+ Kh8 21. Bg3 Bf7 22. Qe2 Bh5 23. b3 Bg5 24. bxc4 Bxc1 25. Rxc1 dxc4 26. Qb2 Qd7 27. Ng5 h6 28. Ne4 d5 29. Nd6 Rb8 30. Qc2 g5 31. Be5+ Kg8 32. Nf5 Rb6 33. g4 Bg6 34. Nxh6+ Kh7 35. Nf5 b4 36. axb4 axb4 37. Qd2 c3 38. Qxg5 Bxf5 39. gxf5 Rg8 40. f6+ c2 41. Bxc2+ Kh8 42. f7+ 1-0


[Site "https://www.chess.com"]

[Event "Titled Tuesday Blitz August 22 Late 2023"]
[White "Tanenbaum, Zachary"]
[Black "Cheng, Xiao"]
[WhiteFideId "2060850"]
[BlackFideId "2022915"]
[WhiteElo "2709"]
[BlackElo "2439"]
[Result "0-1"]
[Round "4"]
[TimeControl "180+1"]
[Date "2023.08.22"]
[WhiteClock "0:00:00"]
[BlackClock "0:00:19"]
[Board "101"]

1. e4 c5 2. Nf3 e6 3. d4 cxd4 4. Nxd4 d6 5. Nc3 a6 6. Be3 b5 7. a4 b4 8. Na2 Nf6 9. Bd3 d5 10. e5 Nfd7 11. f4 Bb7 12. Qd2 a5 13. Bb5 Bc5 14. Nxe6 Bxe3 15. Nxg7+ Kf8 16. Qxe3 Kxg7 17. Qg3+ Kf8 18. O-O Rg8 19. Qh3 d4 20. Rf2 Rg7 21. e6 fxe6 22. f5 exf5 23. Qxf5+ Kg8 24. Raf1 Nc6 25. Qe6+ Kh8 26. Bxc6 Ra6 27. Bxd7 Rxg2+ 28. Rxg2 Rxe6 29. Bxe6 Bxg2 30. Kxg2 Qg5+ 31. Kh1 Qe5 32. Bb3 Qe4+ 33. Kg1 Qe3+ 34. Rf2 d3 35. cxd3 Qxd3 0-1


[Site "https://www.chess.com"]

[Event "Titled Tuesday Blitz August 22 Late 2023"]
[White "Santos, Marcus Vinicius Moreira"]
[Black "Koziorowicz, Michal"]
[WhiteFideId "2103125"]
[BlackFideId "21809194"]
[WhiteElo "2433"]
[BlackElo "2681"]
[Result "1-0"]
[Round "4"]
[TimeControl "180+1"]
[Date "2023.08.22"]
[WhiteClock "0:00:21"]
[BlackClock "0:00:08"]
[Board "102"]

1. e4 c5 2. Nf3 Nc6 3. Bc4 e6 4. O-O a6 5. d4 b5 6. Be2 cxd4 7. Nxd4 Bb7 8. b3 Nf6 9. Nxc6 Bxc6 10. e5 Nd5 11. Bb2 Bc5 12. Nd2 Nf4 13. Bf3 d5 14. exd6 Qxd6 15. Ne4 Bxe4 16. Bxe4 Rd8 17. Qxd6 Bxd6 18. Bxg7 Rg8 19. Bf6 Rc8 20. g3 Bc5 21. Bxh7 Ne2+ 22. Kh1 Kd7 23. Bxg8 Rxg8 24. Rad1+ Kc6 25. Rfe1 Nxg3+ 26. fxg3 Rg6 27. Bd4 Bd6 28. Kg2 Rh6 29. Be5 Bc5 30. Bf4 Rg6 31. h4 Rg4 32. Kf3 Rg6 33. h5 Rg8 34. h6 f6 35. h7 Rh8 36. Rh1 e5 37. Be3 Bd6 38. c4 f5 39. Bg5 e4+ 40. Kg2 Be5 41. Rd5 Bg7 42. Rxf5 Re8 43. Bf6 Bh8 44. Bxh8 Rxh8 45. Rg5 bxc4 46. bxc4 Kb6 47. Rg8 Rxh7 48. Rxh7 Kc5 49. Rc8+ Kd4 50. c5 e3 51. c6 Kc3 52. Re7 e2 53. Rxe2 1-0


[Site "https://www.chess.com"]

[Event "Titled Tuesday Blitz August 22 Late 2023"]
[White "Di Berardino, Diego Rafael"]
[Black "Colpe, Malte"]
[WhiteFideId "2105446"]
[BlackFideId "24623075"]
[WhiteElo "2629"]
[BlackElo "2430"]
[Result "1-0"]
[Round "4"]
[TimeControl "180+1"]
[Date "2023.08.22"]
[WhiteClock "0:00:05"]
[BlackClock "0:00:00"]
[Board "103"]

1. d4 d5 2. c4 e6 3. Nc3 Nf6 4. Bg5 Be7 5. e3 Nbd7 6. Nf3 b6 7. cxd5 Nxd5 8. Bxe7 Qxe7 9. Nxd5 exd5 10. Bd3 O-O 11. Qc2 Nf6 12. O-O c5 13. dxc5 bxc5 14. Rac1 c4 15. Be2 Bg4 16. h3 Bh5 17. b3 Rac8 18. Qb2 Qb4 19. Nd4 c3 20. Qc2 Bg6 21. Bd3 Ne4 22. Qe2 a5 23. Rc2 a4 24. Rfc1 axb3 25. axb3 Rc5 26. Qg4 Nf6 27. Qe2 Ne4 28. Ra1 Rfc8 29. Ra4 Qb6 30. Ra6 Qb4 31. Qd1 Ra5 32. Qg4 Rb8 33. Rc6 Qe7 34. Rc8+ Rxc8 35. Qxc8+ Qf8 36. Qxf8+ Kxf8 37. Bxe4 Bxe4 38. Rxc3 Ra1+ 39. Kh2 Ra2 40. f3 Bg6 41. b4 Rb2 42. b5 Ke7 43. h4 h6 44. Kg3 Kd6 45. Kh3 Kd7 46. g4 h5 47. Kg3 hxg4 48. fxg4 Be4 49. h5 Rg2+ 50. Kh3 Rb2 51. Ra3 Kd6 52. Ra7 Rf2 53. Kg3 Rf1 54. Kh3 Kc5 55. Rc7+ Kb6 56. Rc6+ Kb7 57. Rd6 Re1 58. Rd7+ Kb6 59. Rxf7 Rxe3+ 60. Kh4 Rd3 61. Ne6 Kxb5 62. Rxg7 Rd1 63. Rd7 Kc6 64. Rd8 Rh1+ 65. Kg5 Bf3 66. Nd4+ Kc7 67. Ne6+ Kc6 68. Rf8 Be4 69. h6 Kd6 70. Nd4 Ke5 71. Nf5 Bxf5 72. Rxf5+ Ke4 73. Kg6 d4 74. Rf8 d3 75. h7 d2 76. Rd8 Ke3 77. Kg7 1-0


[Site "https://www.chess.com"]

[Event "Titled Tuesday Blitz August 22 Late 2023"]
[White "Shohat, Yotam"]
[Black "Fiorito, Joaquin"]
[WhiteFideId "2813955"]
[BlackFideId "180173"]
[WhiteElo "2430"]
[BlackElo "2625"]
[Result "1-0"]
[Round "4"]
[TimeControl "180+1"]
[Date "2023.08.22"]
[WhiteClock "0:00:04"]
[BlackClock "0:00:06"]
[Board "104"]

1. e4 c5 2. Nf3 d6 3. d4 cxd4 4. Qxd4 e5 5. Bb5+ Nc6 6. Qd3 h6 7. Nc3 a6 8. Bxc6+ bxc6 9. Nd2 Be6 10. Nc4 Nf6 11. Be3 Bxc4 12. Qxc4 Qd7 13. O-O-O Be7 14. Na4 d5 15. Qe2 Qb7 16. exd5 cxd5 17. Bc5 Bxc5 18. Nxc5 Qc7 19. Nd3 e4 20. Nb4 Rd8 21. Qxa6 O-O 22. Qc6 Qf4+ 23. Kb1 d4 24. Rhe1 Qxf2 25. Qc5 Rfe8 26. Nc6 Rd7 27. Nxd4 Red8 28. c3 e3 29. Rc1 Ne4 30. Qe5 Nd2+ 31. Ka1 Nc4 32. Qb5 Rc7 33. Re2 Qf6 34. Rce1 g6 35. Nc2 Qd6 36. a3 Rc5 37. Qb7 Rb8 38. Qe4 Ra5 39. Nb4 Nd2 40. Qxe3 Nb3+ 41. Ka2 Nc5 42. Qe5 Qb6 43. Kb1 Nd3 44. Nxd3 Rxe5 45. Rxe5 Rd8 46. Nb4 Kg7 47. R5e2 Qf6 48. a4 Qf5+ 49. Ka2 Ra8 50. Ka3 Qb5 51. b3 Qc5 52. Re3 Rd8 53. R1e2 Rd1 54. Kb2 Qd6 55. Nc2 Rg1 56. a5 Qd1 57. b4 Qb1+ 58. Ka3 Rc1 59. Nd4 Qa1+ 60. Kb3 Qb1+ 61. Kc4 Qa1 62. Nb3 Qa2 63. Rxa2 Rd1 64. Rae2 Rd8 65. Nc5 Rc8 66. a6 1-0


[Site "https://www.chess.com"]

[Event "Titled Tuesday Blitz August 22 Late 2023"]
[White "Hamitevici, Vladimir"]
[Black "Antonios, Johnny"]
[WhiteFideId "13902393"]
[BlackFideId "5300843"]
[WhiteElo "2609"]
[BlackElo "2402"]
[Result "1-0"]
[Round "4"]
[TimeControl "180+1"]
[Date "2023.08.22"]
[WhiteClock "0:01:22"]
[BlackClock "0:00:59"]
[Board "105"]

1. e4 e5 2. Qh5 Nc6 3. Bc4 g6 4. Qf3 Nf6 5. Ne2 Bg7 6. d3 h6 7. h3 Na5 8. Nbc3 c6 9. a4 Nxc4 10. dxc4 d6 11. O-O Be6 12. b3 O-O 13. Rd1 Qe7 14. Ba3 Rad8 15. Rd3 Kh7 16. Rad1 Ne8 17. Qe3 b6 18. a5 Qc7 19. axb6 axb6 20. Na4 b5 21. cxb5 cxb5 22. Nac3 Qa5 23. Bxd6 Nxd6 24. Rxd6 Rxd6 25. Rxd6 Rc8 26. Qd3 Bf8 27. Rxe6 fxe6 28. Qd7+ Kg8 29. Qxc8 Qa1+ 30. Kh2 Kf7 31. Qd7+ Be7 32. Nxb5 Qf1 33. Qd3 Bg5 34. Qf3+ Ke8 35. Nd6+ Ke7 36. Nf7 Bf6 37. Nxh6 Qd1 38. Ng8+ 1-0


[Site "https://www.chess.com"]

[Event "Titled Tuesday Blitz August 22 Late 2023"]
[White "Arnold, Ken"]
[Black "Pinheiro, Iung Alicio de O."]
[WhiteFideId "2056836"]
[BlackFideId "2104350"]
[WhiteElo "2407"]
[BlackElo "2594"]
[Result "0-1"]
[Round "4"]
[TimeControl "180+1"]
[Date "2023.08.22"]
[WhiteClock "0:00:05"]
[BlackClock "0:00:09"]
[Board "106"]

1. d4 Nf6 2. Nf3 g6 3. c4 Bg7 4. Nc3 d5 5. Bf4 O-O 6. e3 c5 7. Qb3 cxd4 8. Nxd4 Nc6 9. Nxc6 bxc6 10. cxd5 cxd5 11. Rd1 e6 12. Be2 Qa5 13. O-O Ba6 14. Bxa6 Qxa6 15. Rd2 Rfc8 16. h3 Nd7 17. Qa4 Qb7 18. Nb5 Nc5 19. Qa5 Ne4 20. Nd6 Nxd6 21. Bxd6 Rc6 22. Ba3 Ra6 23. Qb4 Rb6 24. Qf4 Bxb2 25. Bxb2 Rxb2 26. Rfd1 Rc8 27. g4 Rxd2 28. Rxd2 Qb1+ 29. Kg2 Rc1 30. Kg3 Rg1+ 31. Kh4 Kg7 32. g5 Qa1 33. Rc2 h6 34. gxh6+ Kh7 35. Qxf7+ Kxh6 36. Qf8+ Qg7 37. Qxg7+ Kxg7 38. Rc7+ Kf6 39. Rxa7 g5+ 40. Kh5 Rh1 41. Kg4 Rg1+ 42. Kf3 Rh1 43. Kg2 Ra1 44. a4 e5 45. Ra6+ Kf5 46. Rd6 Ke4 47. Rg6 d4 48. exd4 exd4 49. Rxg5 d3 50. Rg4+ Kd5 51. Rg8 Kc4 52. Rd8 Kc3 53. h4 d2 54. h5 d1=Q 55. Rxd1 Rxd1 56. Kg3 Rd4 57. a5 Ra4 58. a6 Kd4 59. h6 Rxa6 60. Kg4 Rxh6 61. Kg5 Rh8 62. f4 Ke4 63. f5 Rg8+ 0-1


[Site "https://www.chess.com"]

[Event "Titled Tuesday Blitz August 22 Late 2023"]
[White "Ibadov, Dashgyn"]
[Black "kaanadayhamle"]
[WhiteFideId "24107514"]
[WhiteElo "2589"]
[BlackElo "2372"]
[Result "1-0"]
[Round "4"]
[TimeControl "180+1"]
[Date "2023.08.22"]
[WhiteClock "0:00:07"]
[BlackClock "0:00:04"]
[Board "107"]

1. e4 e5 2. Nf3 Nc6 3. d4 exd4 4. Nxd4 Bc5 5. Nb3 Bb6 6. Qe2 d6 7. Nc3 Nge7 8. Be3 O-O 9. O-O-O f5 10. f4 Be6 11. g3 Qe8 12. Bg2 Qf7 13. Kb1 Bxe3 14. Qxe3 a5 15. Nd4 Nxd4 16. Qxd4 Nc6 17. Qd2 fxe4 18. Bxe4 Kh8 19. Rhe1 Rae8 20. a3 Bf5 21. Bxf5 Qxf5 22. Nd5 Qd7 23. Rxe8 Rxe8 24. Re1 Rxe1+ 25. Qxe1 h6 26. Qe4 Kg8 27. f5 Ne5 28. f6 c6 29. Ne7+ Kf7 30. fxg7 Kxg7 31. Nf5+ Kf6 32. Nxh6 Qh3 33. Qh7 Qf1+ 34. Ka2 Qc4+ 35. b3 Qe2 36. a4 b5 37. axb5 cxb5 38. Ng8+ Ke6 39. Qe7+ Kd5 40. Nf6+ Kc5 41. Qc7+ Kd4 42. Qxd6+ Kc3 43. Qc5+ Kd2 44. Kb2 a4 45. Nd5 a3+ 46. Kxa3 Kd1 47. Nc3+ Kd2 48. Nxe2 Kxe2 49. Qxe5+ 1-0


[Site "https://www.chess.com"]

[Event "Titled Tuesday Blitz August 22 Late 2023"]
[White "Lacasa Diaz, Jose Antonio"]
[Black "Tologon tegin, Semetei"]
[WhiteFideId "2203375"]
[BlackFideId "13800574"]
[WhiteElo "2352"]
[BlackElo "2588"]
[Result "0-1"]
[Round "4"]
[TimeControl "180+1"]
[Date "2023.08.22"]
[WhiteClock "0:00:01"]
[BlackClock "0:00:07"]
[Board "108"]

1. e4 e5 2. Nf3 Nc6 3. Bb5 a6 4. Ba4 Nf6 5. O-O Be7 6. d3 b5 7. Bb3 O-O 8. Nc3 d6 9. a3 Bg4 10. Be3 Rb8 11. h3 Bh5 12. Nd5 Na5 13. Nxf6+ Bxf6 14. Ba2 c5 15. g4 Bg6 16. Bd5 h5 17. b4 Nb7 18. Kg2 hxg4 19. hxg4 Qd7 20. Nd2 Rfc8 21. c3 Nd8 22. Rh1 Ne6 23. Rh3 Nf4+ 24. Bxf4 exf4 25. Qf3 Bxc3 26. Rah1 Kf8 27. bxc5 dxc5 28. Qxf4 Ke7 29. Nf3 Qc7 30. Qg5+ Bf6 31. Qe3 Qd7 32. g5 Bb2 33. Qf4 Qc7 34. Qg4 c4 35. Nh4 Qd6 36. Nf5+ Bxf5 37. Qxf5 Rf8 38. dxc4 bxc4 39. Bxc4 Bxa3 40. Bd5 Bb2 41. Rd3 Qe5 42. Qg4 a5 43. Rhd1 Rbd8 44. Bxf7 Rxd3 45. Rxd3 Kxf7 46. Rd7+ Kg8 47. Qh5 Qf4 48. g6 Qxf2+ 0-1


[Site "https://www.chess.com"]

[Event "Titled Tuesday Blitz August 22 Late 2023"]
[White "Dubreuil, Julien"]
[Black "Principe, Gerson"]
[WhiteFideId "621285"]
[BlackFideId "3804550"]
[WhiteElo "2352"]
[BlackElo "2574"]
[Result "0-1"]
[Round "4"]
[TimeControl "180+1"]
[Date "2023.08.22"]
[WhiteClock "0:00:16"]
[BlackClock "0:00:09"]
[Board "109"]

1. e4 c6 2. Nf3 d5 3. exd5 cxd5 4. Ne5 Nf6 5. d4 e6 6. Nc3 Nc6 7. Bb5 Bd7 8. Nxd7 Qxd7 9. O-O Be7 10. Re1 O-O 11. Bg5 a6 12. Bf1 b5 13. f3 Rfc8 14. Kh1 Na5 15. Qe2 Nc4 16. Nd1 Rc7 17. c3 Rac8 18. Bf4 Rc6 19. Nf2 Bd6 20. Bxd6 Qxd6 21. Nd3 R6c7 22. Rac1 Nd7 23. Qf2 Ncb6 24. Rcd1 a5 25. Qh4 b4 26. cxb4 axb4 27. Qg3 Qxg3 28. hxg3 Na4 29. Rd2 Rb8 30. Rc1 Rxc1 31. Nxc1 Kf8 32. Rc2 Ke7 33. Kg1 Kd6 34. Kf2 f6 35. f4 h6 36. Nd3 b3 37. axb3 Rxb3 38. Be2 Nb8 39. Ke1 Nc6 40. Nc5 Nxd4 41. Nxb3 Nxc2+ 42. Kd2 Nb4 43. Kc1 e5 44. f5 Nc5 45. Na5 e4 46. g4 Ke5 47. g3 d4 48. Nc4+ Kd5 49. Nb6+ Kc6 50. Nc8 d3 51. Kd2 dxe2 52. Kxe2 Nd5 53. b4 Nxb4 54. Ke3 Nc2+ 55. Kd2 Nd4 56. Ne7+ Kd6 57. Nc8+ Ke5 58. Ke3 Nc6 59. Nb6 Nb4 60. Nc4+ Kd5 61. Nd2 Nc2+ 62. Kf4 Kc6 63. Nxe4 Nxe4 64. Kxe4 Kd6 65. Kf4 Nb4 66. g5 hxg5+ 67. Kg4 Ke7 68. Kh5 Kf8 69. g4 Nd5 70. Kg6 Nf4+ 71. Kh7 Kf7 72. Kh8 g6 73. fxg6+ Kxg6 74. Kg8 f5 0-1


[Site "https://www.chess.com"]

[Event "Titled Tuesday Blitz August 22 Late 2023"]
[White "Leebit02"]
[Black "Senft, Sean"]
[BlackFideId "2044960"]
[WhiteElo "2564"]
[BlackElo "2348"]
[Result "1/2-1/2"]
[Round "4"]
[TimeControl "180+1"]
[Date "2023.08.22"]
[WhiteClock "0:00:19"]
[BlackClock "0:00:04"]
[Board "110"]

1. e4 c5 2. Nf3 d6 3. d4 cxd4 4. Nxd4 Nf6 5. Nc3 a6 6. Be3 e5 7. Nb3 Be6 8. f3 Be7 9. Qd2 O-O 10. O-O-O Nbd7 11. g4 b5 12. g5 b4 13. Ne2 Nh5 14. Ng3 Nf4 15. h4 a5 16. Kb1 a4 17. Nc1 Qc7 18. Nf5 Bxf5 19. exf5 Rfc8 20. Rg1 Nb6 21. f6 Bf8 22. Bxf4 exf4 23. h5 Nc4 24. Bxc4 Qxc4 25. Rg4 b3 26. cxb3 axb3 27. Nxb3 Qa4 28. Nc1 Rxc1+ 29. Rxc1 Qxa2+ 30. Kc2 Qa4+ 31. Kd3 Qb5+ 32. Kc2 Qa4+ 33. Kd3 Qb5+ 34. Kc2 Qa4+ 1/2-1/2


[Site "https://www.chess.com"]

[Event "Titled Tuesday Blitz August 22 Late 2023"]
[White "Hercegovac, Neven"]
[Black "ElDivis"]
[WhiteFideId "2839135"]
[WhiteElo "2307"]
[BlackElo "2532"]
[Result "1-0"]
[Round "4"]
[TimeControl "180+1"]
[Date "2023.08.22"]
[WhiteClock "0:00:23"]
[BlackClock "0:00:27"]
[Board "111"]

1. d4 Nf6 2. Bf4 c5 3. d5 g6 4. Nc3 Bg7 5. e4 O-O 6. Nf3 Qb6 7. Rb1 e6 8. d6 Nh5 9. Bg5 Qb4 10. e5 Nc6 11. a3 Qa5 12. g4 f6 13. Bd2 fxe5 14. gxh5 Qd8 15. hxg6 hxg6 16. Bd3 Qf6 17. Be4 Nd4 18. Rg1 Nxf3+ 19. Bxf3 Qxf3 20. Qxf3 Rxf3 21. Rxg6 Kh7 22. Rg4 b6 23. Ke2 Rh3 24. Rbg1 Bf6 25. Ne4 Ba6+ 26. Kd1 Bh8 27. Ng5+ 1-0


[Site "https://www.chess.com"]

[Event "Titled Tuesday Blitz August 22 Late 2023"]
[White "Loay, Sameer"]
[Black "GAO"]
[WhiteFideId "8104239"]
[WhiteElo "2522"]
[BlackElo "2279"]
[Result "1-0"]
[Round "4"]
[TimeControl "180+1"]
[Date "2023.08.22"]
[WhiteClock "0:00:39"]
[BlackClock "0:00:46"]
[Board "112"]

1. Nf3 Nf6 2. g3 g6 3. Bg2 Bg7 4. O-O O-O 5. d3 d5 6. c3 Nbd7 7. Nbd2 e5 8. e4 c6 9. Qe2 Re8 10. Rd1 a5 11. Nf1 a4 12. a3 Qa5 13. Ne3 Nc5 14. exd5 cxd5 15. d4 Nb3 16. Rb1 exd4 17. Nxd4 Bg4 18. Bf3 Bxf3 19. Qxf3 Rad8 20. Nxb3 axb3 21. Nf1 Qb5 22. Bg5 Rd6 23. Ne3 Ne4 24. Bf4 Rdd8 25. Nf1 d4 26. cxd4 Bxd4 27. Be3 Bg7 28. Rxd8 Rxd8 29. Qxe4 Qe2 30. Qxb7 Qc2 31. Rc1 Qxb2 32. Rc8 Rxc8 33. Qxc8+ Bf8 34. Bc5 Qg7 35. Bxf8 Qxf8 36. Qxf8+ Kxf8 37. Nd2 b2 38. Kf1 Ke7 39. Ke2 Kd6 40. Kd3 Kc5 41. Kc2 Kd4 42. Kxb2 Kd3 43. a4 Ke2 44. a5 1-0


[Site "https://www.chess.com"]

[Event "Titled Tuesday Blitz August 22 Late 2023"]
[White "Fajdetic, Hrvoje"]
[Black "Janaszak, Dawid"]
[WhiteFideId "14501945"]
[BlackFideId "1119206"]
[WhiteElo "2264"]
[BlackElo "2513"]
[Result "1/2-1/2"]
[Round "4"]
[TimeControl "180+1"]
[Date "2023.08.22"]
[WhiteClock "0:00:28"]
[BlackClock "0:01:11"]
[Board "113"]

1. f4 Nc6 2. Nf3 g6 3. e4 Bg7 4. d3 d5 5. e5 Bg4 6. Be2 Nh6 7. O-O O-O 8. d4 f6 9. c3 Nf5 10. Qe1 Bxf3 11. Bxf3 e6 12. g4 fxe5 13. gxf5 e4 14. Bg2 exf5 15. Na3 Kh8 16. Nc2 Qd7 17. Ne3 Nd8 18. h4 h5 19. Bh3 Bf6 20. Kh2 Ne6 21. Ng2 c5 22. dxc5 Nxc5 23. Be3 Nd3 24. Qe2 b5 25. Rad1 b4 26. Rxd3 exd3 27. Qxd3 bxc3 28. bxc3 Qa4 29. Rf2 Rfe8 30. Bxf5 gxf5 31. Qxf5 Bg7 32. Qxh5+ Kg8 33. Qxd5+ Kh8 34. Qh5+ Kg8 35. Qd5+ Kh7 36. Qf5+ Kg8 37. Qd5+ 1/2-1/2


[Site "https://www.chess.com"]

[Event "Titled Tuesday Blitz August 22 Late 2023"]
[White "Grinev, Valeriy"]
[Black "Wieczorek, Zbigniew"]
[WhiteFideId "14117517"]
[BlackFideId "1102001"]
[WhiteElo "2511"]
[BlackElo "2179"]
[Result "1-0"]
[Round "4"]
[TimeControl "180+1"]
[Date "2023.08.22"]
[WhiteClock "0:01:17"]
[BlackClock "0:00:00"]
[Board "114"]

1. Nf3 d6 2. d4 Bg4 3. c4 Nd7 4. e3 e5 5. Be2 Ngf6 6. Nbd2 e4 7. Ng5 Bf5 8. g4 Bg6 9. h4 h6 10. Nh3 c5 11. Nf4 Qb6 12. Nb3 a5 13. Nxg6 fxg6 14. a4 Be7 15. Bd2 Nb8 16. Bc3 Nc6 17. d5 Nb4 18. f4 exf3 19. Bxf3 O-O-O 20. Kd2 Rdf8 21. Qe2 Rf7 22. Raf1 Na2 23. Kc2 Nxc3 24. bxc3 Nd7 25. Be4 Rxf1 26. Rxf1 Ne5 27. h5 Bf6 28. Bxg6 Kb8 29. Nd2 Qa6 30. Rb1 b6 31. Kb3 Ka7 32. Rf1 Qc8 33. Ne4 Be7 34. Bf5 Qd8 35. Be6 Rf8 36. Rxf8 Qxf8 37. Qf2 Qxf2 38. Nxf2 Bg5 39. e4 Kb8 40. Nd1 Kc7 41. Nb2 Kd8 42. Kc2 Ke7 43. Bf5 Kf6 44. Nd1 Bf4 45. Nf2 Bg3 46. Nd1 Nxc4 47. Kd3 Ne5+ 48. Ke2 Bf4 49. Nb2 Bc1 50. Nd1 Ba3 51. Kd2 c4 52. Nf2 Bc5 53. Nh3 Ba3 54. Nf4 Bb2 55. Ne6 Ba1 56. Nd4 Bb2 57. Nb5 Ke7 58. Kc2 Ba1 59. Kb1 Bxc3 60. Nxc3 Kf6 61. Kc2 Nd3 62. Nb5 Nc5 63. Nxd6 Nxa4 64. Nxc4 b5 65. e5+ Ke7 66. Nxa5 Nc5 67. Kc3 1-0


[Site "https://www.chess.com"]

[Event "Titled Tuesday Blitz August 22 Late 2023"]
[White "Powell, Paul"]
[Black "dodoucb"]
[WhiteFideId "2005840"]
[WhiteElo "2127"]
[BlackElo "2462"]
[Result "0-1"]
[Round "4"]
[TimeControl "180+1"]
[Date "2023.08.22"]
[WhiteClock "0:00:19"]
[BlackClock "0:00:48"]
[Board "115"]

1. d4 Nf6 2. Nf3 e6 3. Bf4 c5 4. c3 b6 5. e3 Bb7 6. Nbd2 Be7 7. Nc4 d5 8. Bxb8 Rxb8 9. Qa4+ Qd7 10. Nxb6 Qxa4 11. Nxa4 c4 12. b3 Bc6 13. Nc5 Bxc5 14. dxc5 cxb3 15. axb3 Rxb3 16. Rxa7 O-O 17. Nd4 Rb1+ 18. Kd2 Ne4+ 19. Kc2 Rfb8 20. Ra2 Ba4+ 21. Kd3 R8b2 22. Rxb2 Rxb2 23. Nf3 Nxf2+ 24. Kd4 Nxh1 25. Ne5 f6 26. Nd3 Rd2 27. c4 Nf2 28. cxd5 exd5 29. Kc3 Ne4+ 30. Kd4 Bb5 31. Kxd5 Nxc5 32. Kxc5 Bxd3 0-1


[Site "https://www.chess.com"]

[Event "Titled Tuesday Blitz August 22 Late 2023"]
[White "Arencibia Monduy, Antonio"]
[Black "miraitrunks"]
[WhiteFideId "3507939"]
[WhiteElo "2457"]
[BlackElo "1985"]
[Result "1/2-1/2"]
[Round "4"]
[TimeControl "180+1"]
[Date "2023.08.22"]
[WhiteClock "0:00:20"]
[BlackClock "0:00:04"]
[Board "116"]

1. e4 c5 2. Nf3 d6 3. c3 Nf6 4. Bd3 Nc6 5. h3 g6 6. O-O Bg7 7. Re1 O-O 8. Bc2 e5 9. d3 Re8 10. Bg5 h6 11. Be3 Be6 12. Qd2 Kh7 13. Na3 b6 14. d4 cxd4 15. cxd4 exd4 16. Nxd4 Ne5 17. Ndb5 d5 18. Rad1 dxe4 19. Qc3 Nd5 20. Qb3 Nxe3 21. Qxe3 Qe7 22. Bxe4 Rad8 23. f4 Nc4 24. Nxc4 Bxc4 25. Rxd8 Qxd8 26. Bxg6+ fxg6 27. Qxe8 Qxe8 28. Rxe8 Bxb5 29. Re7 Kg8 30. b3 a5 31. Kf2 Bd3 32. Ke3 Bb1 33. Rb7 Bf8 34. Rb8 Kg7 35. Kd2 Bc5 36. a4 Be4 37. g4 Bg2 38. h4 Bf3 39. g5 h5 40. Kd3 Bf2 41. Kc4 Be2+ 42. Kd5 Bd1 43. Rb7+ Kg8 44. Ke6 Bxb3+ 45. Kf6 Bc2 46. Rb8+ Kh7 47. Rb7+ Kg8 48. Rb8+ Kh7 49. Rb7+ Kg8 1/2-1/2


[Site "https://www.chess.com"]

[Event "Titled Tuesday Blitz August 22 Late 2023"]
[White "Avila Rodriguez, Joshua Ad"]
[Black "Dimitrov, Atanas"]
[WhiteFideId "5126444"]
[BlackFideId "2901315"]
[WhiteElo "2424"]
[BlackElo "2712"]
[Result "0-1"]
[Round "4"]
[TimeControl "180+1"]
[Date "2023.08.22"]
[WhiteClock "0:00:00"]
[BlackClock "0:00:34"]
[Board "118"]

1. e4 c5 2. Nf3 Nc6 3. d4 cxd4 4. Nxd4 Nf6 5. Nc3 d6 6. Bg5 e6 7. Qd2 Be7 8. O-O-O O-O 9. h4 Nxd4 10. Qxd4 Qa5 11. Kb1 Bd7 12. f4 Bc6 13. Bd3 h6 14. Qg1 Rfe8 15. g4 b5 16. e5 dxe5 17. Bxf6 Bxf6 18. g5 Be7 19. fxe5 b4 20. Ne4 Qxe5 21. Re1 Kh8 22. Nf6 Bxf6 23. Rxe5 Bxe5 24. Rh3 Rad8 25. Qf1 Re7 26. Re3 Bd4 27. Re1 a5 28. Be4 Bxe4 29. Rxe4 Red7 30. a3 bxa3 31. c3 Bxc3 32. Qb5 axb2 0-1


[Site "https://www.chess.com"]

[Event "Titled Tuesday Blitz August 22 Late 2023"]
[White "Dwilewicz, Katarzyna"]
[Black "Diaz Perez, Michel Alejandro"]
[WhiteFideId "1148486"]
[BlackFideId "3517179"]
[WhiteElo "2424"]
[BlackElo "2687"]
[Result "0-1"]
[Round "4"]
[TimeControl "180+1"]
[Date "2023.08.22"]
[WhiteClock "0:00:01"]
[BlackClock "0:00:13"]
[Board "119"]

1. e4 e6 2. d4 d5 3. Nd2 dxe4 4. Nxe4 Bd7 5. Nf3 Bc6 6. Bd3 Nd7 7. O-O Bxe4 8. Bxe4 c6 9. c3 Ngf6 10. Bc2 Bd6 11. Bg5 Qc7 12. Qd3 h6 13. Bh4 g5 14. Bg3 g4 15. Nd2 h5 16. Nc4 Bxg3 17. Qxg3 Qxg3 18. hxg3 Ke7 19. f3 b5 20. Na5 Rac8 21. Kf2 c5 22. dxc5 Nxc5 23. Nb3 Na4 24. Rab1 b4 25. Nd4 Nb6 26. cxb4 Rhd8 27. Rfd1 Rc4 28. Ke3 Rdxd4 29. Rxd4 Rxc2 30. Kd3 Rxg2 31. Rc1 Nbd5 32. fxg4 hxg4 33. b5 Rxb2 34. a4 Rb3+ 35. Kd2 Rxg3 36. Rc8 Kd6 37. Ra8 Kc5 38. Rd3 Rg2+ 39. Ke1 Ne4 40. Rxa7 f5 41. Ra8 Kc4 42. Rxd5 Kxd5 43. b6 Kc6 44. a5 Ra2 45. Rc8+ Kb7 46. Rc7+ Kb8 47. Re7 Rxa5 48. Rxe6 Kb7 49. Ke2 Ra3 50. Rg6 Rf3 51. Re6 Rb3 52. Rg6 Rxb6 53. Rg7+ Kc6 54. Ke3 Rb3+ 55. Kf4 Rf3+ 56. Ke5 g3 0-1


[Site "https://www.chess.com"]

[Event "Titled Tuesday Blitz August 22 Late 2023"]
[White "Wu, Derek"]
[Black "Jonkman, Harmen"]
[WhiteFideId "30914558"]
[BlackFideId "1002708"]
[WhiteElo "2671"]
[BlackElo "2421"]
[Result "1-0"]
[Round "4"]
[TimeControl "180+1"]
[Date "2023.08.22"]
[WhiteClock "0:00:15"]
[BlackClock "0:00:00"]
[Board "120"]

1. e4 e5 2. Nf3 Nc6 3. Bc4 Bc5 4. c3 Nf6 5. d3 d6 6. O-O O-O 7. Re1 h6 8. h3 a5 9. Bb5 Ba7 10. Be3 Bxe3 11. Rxe3 Ne7 12. d4 c6 13. Bd3 Ng6 14. Nbd2 Re8 15. Nf1 Be6 16. Ng3 b5 17. a4 Qb6 18. Nf5 Red8 19. Qc2 b4 20. Ree1 Rab8 21. c4 b3 22. Qc1 Bxf5 23. exf5 Nf4 24. Bf1 e4 25. c5 dxc5 26. dxc5 Qc7 27. Nd2 Nd3 28. Bxd3 exd3 29. Qc4 Rb4 30. Qc3 Qf4 31. Rad1 Qxf5 32. Re5 Qf4 33. Ree1 Rxa4 34. Nxb3 Ne4 35. Rxe4 Qxe4 36. Nxa5 d2 37. Nb3 Qe1+ 38. Rxe1 1-0


[Site "https://www.chess.com"]